 Dungeon Crawl Stone Soup version 0.21-a0-582-g1b93aee (webtiles) character file.

10260 M4edhros the Covert (level 11, -33/72 HPs)
             Began as an Octopode Artificer on Dec 19, 2017.
             Was an Elder of Cheibriados.
             Annihilated by an orc warlord
             ... wielding a +0 great mace of venom
              (58 damage)
             ... on level 1 of the Orcish Mines on Dec 20, 2017.
             The game lasted 00:48:08 (5266 turns).

M4edhros the Covert (Octopode Artificer)            Turns: 5266, Time: 00:48:08

Health: -33/72     AC:  3    Str: 22    XL:     11   Next: 59%
Magic:  11/15      EV: 32    Int: 23    God:    Cheibriados [****..]
Gold:   274        SH:  0    Dex: 31    Spells: 7/14 levels left

rFire    . . .     SeeInvis .     - Unarmed
rCold    . . .     Gourm    .   (no shield)
rNeg     . . .     Faith    .   (helmet restricted)
rPois    +         Spirit   .   z - amulet of regeneration
rElec    .         Reflect  .   e - +5 ring of evasion
rCorr    .         Harm     .   s - +3 ring of dexterity
MR       .....                  F - +6 ring of evasion
Stlth    ++++++++..             c - ring of stealth
HPRegen  0.62/turn              K - ring of flight
MPRegen  0.14/turn              (no ring)
                                (no ring)
                                (no ring)

@: about to teleport, very slow
A: almost no armour, stealthy swim, amphibious, 8 rings, constrict 8, slimy
green scales 1, camouflage 1, agile 1, poison resistance, screaming 1,
gelatinous body 1
a: Bend Time, Temporal Distortion, Slouch, Renounce Religion, Evoke Flight


You were on level 1 of the Orcish Mines.
You worshipped Cheibriados.
Cheibriados was greatly pleased with you.
You were not hungry.

You visited 3 branches of the dungeon, and saw 14 of its levels.

You collected 512 gold pieces.
You spent 238 gold pieces at shops.

Inventory:

Hand Weapons
 j - a +4 short sword
 q - a +0 rapier
Missiles
 i - 9 javelins (quivered)
Armour
 l - a cursed +0 shield
Jewellery
 c - a ring of stealth (on tentacle)
 e - a +5 ring of evasion (left tentacle)
 s - a +3 ring of dexterity (right tentacle)
 z - an amulet of regeneration (around mantle)
 F - a +6 ring of evasion (on tentacle)
 K - a ring of flight (on tentacle)
Wands
 w - a wand of polymorph (5)
 D - a wand of digging (16)
Scrolls
 a - a scroll of holy word {unknown}
 b - 2 scrolls of enchant weapon {unknown}
 g - 3 scrolls of fear {unknown}
 k - 2 scrolls of random uselessness {unknown}
 m - 2 scrolls of enchant armour
 p - 8 scrolls of remove curse
 r - a scroll of teleportation
 t - a scroll of noise {unknown}
 u - a scroll of fog {unknown}
 v - a scroll of amnesia {unknown}
 y - a scroll of acquirement {unknown}
 A - a scroll of magic mapping {unknown}
 C - 2 scrolls of immolation
Potions
 d - a potion of might
 h - 3 potions of magic
 n - a potion of heal wounds
 o - 2 potions of brilliance
 B - a potion of mutation
 E - 2 potions of curing
 G - 2 potions of lignification
 H - a potion of agility
Books
 x - a book of Flames

   Spells                             Type                      Level
   a - Flame Tongue                   Conjuration/Fire             1
   b - Throw Flame                    Conjuration/Fire             2
   c - Conjure Flame                  Conjuration/Fire             3
   d - Inner Flame                    Hexes/Fire                   3
   e - Sticky Flame                   Conjuration/Fire             4
   f - Fireball                       Conjuration/Fire             5
 I - a book of Air

   Spells                             Type                      Level
   a - Shock                          Conjuration/Air              1
   b - Swiftness                      Charms/Air                   2
   c - Static Discharge               Conjuration/Air              3
   d - Airstrike                      Air                          4
   e - Lightning Bolt                 Conjuration/Air              5
Comestibles
 f - 15 rations
 J - 3 chunks of flesh


   Skills:
 + Level 5.4 Fighting
 - Level 1.0 Short Blades
   Level 3.5 Staves
 + Level 6.7 Dodging
 - Level 10.5 Stealth
 + Level 3.4 Shields
 - Level 10.4 Unarmed Combat
 + Level 2.3 Spellcasting
 + Level 2.5 Conjurations
 + Level 2.5 Fire Magic
 * Level 3.8 Invocations
 - Level 5.9 Evocations


You had 7 spell levels left.
You knew the following spells:

 Your Spells              Type           Power        Failure   Level  Hunger
a - Conjure Flame         Conj/Fire      ##......     13%         3    ###....
b - Sticky Flame          Conj/Fire      ##......     41%         4    ####...


Dungeon Overview and Level Annotations

Branches:
Dungeon (12/15)            Temple (1/1) D:6            Lair (0/6) D:8
    Orc (1/2) D:12

Altars:
Ashenzari
Cheibriados
Fedhas
Hepliaklqana
Okawaru
Qazlal
Xom
Yredelemnul
Zin
The Shining One
Beogh

Shops:
D:6 (   D:7 (?(   D:11 !

Annotations:
D:1 wow. first item +5evasion.
D:7 Prince Ribbit
D:8 exclusion: two-headed ogre
D:9 exclusion: troll


Innate Abilities, Weirdness & Mutations

You cannot wear most types of armour.
You are very stealthy in the water. (Stealth+)
You are amphibious.
You can wear up to eight rings at the same time.
You can use your tentacles to constrict eight enemies at once.
Your skin changes colour to match your surroundings (Stealth+).
Your rubbery body absorbs attacks. (AC +1, EV +1)
You are partially covered in slimy green scales. (AC +2)
You are agile. (Dex +2)
Your system is resistant to poisons. (rPois)
You occasionally shout uncontrollably at your foes.


Message History

Okay, then.
As you read the scroll of teleportation, it crumbles to dust.
You feel strangely unstable. The warg misses you.
The orc knight roars a battlecry!
The orc warlord goes into a battle-frenzy!
The warg misses you.
The big kobold hits you from afar with a halberd.
The orc warlord hits you with a great mace of venom!!
* * * LOW HITPOINT WARNING * * *
You hear a shout!
An orc warrior comes into view. It is wielding a dire flail.
Unknown command.
You feel much better. The warg barely misses you. The ogre barely misses you.
Unknown command.
The orc knight roars a battlecry!
The warg misses you.
The big kobold hits you from afar with a halberd.
The orc warlord hits you with a great mace of venom!!!
Ouch! That really hurt!
You die...

..h........#
#.#.............##
...........# #.......o........
T..... #...# #.#.$.........#
#....###..###...o.........###
#.....#....##.#.[...........##
#...........#....o...........#
#...........+.K)............##
#...........+.o).o.........##
##..........#@hOo...........#
##........####....#........#
##......##.....####).#...##
#.....##.....####.).....#
#######.#.....#.##).....##
............)#)#....#
.............).....#
...........#.....#.##
......._....##.#####


You could see an orc warlord, an orc knight, a warg, 2 orc warriors, a big
kobold, an ogre and 2 orcs.

Vanquished Creatures
  The ghost of Ezendos the Arsonist, a journeyman DEFE of Jiyva (D:10)
  Pikel (D:7)
  2 orc sorcerers (Orc:1)
  2 orc knights (Orc:1)
  An ugly thing (D:12)
  A gargoyle (D:12)
  A merfolk (D:10)
  2 hippogriffs
  A shadow (D:12)
  A hungry ghost (D:7)
  4 vampire mosquitoes (D:12)
  2 steam dragons
  A water moccasin (D:5)
  A porcupine (D:12)
  A swamp drake (D:10)
  A black bear (D:10)
  An ice beast (D:12)
  2 slaves (D:7)
  5 orc warriors
  A boggart (Orc:1)
  5 centaurs
  2 ogres
  2 big kobolds (D:12)
  5 bullfrogs
  A water moccasin skeleton (D:10)
  4 scorpions
  11 killer bees
  14 wights
  2 crimson imps
  A bullfrog zombie (D:12)
  A centaur zombie (D:9)
  4 quasits
  2 hounds
  2 jellies
  17 orc wizards
  11 orc priests
  A centaur skeleton (D:8)
  Crazy Yiuf (D:2)
  A bullfrog skeleton (D:10)
  4 worker ants
  A killer bee zombie (D:10)
  A hound zombie (D:7)
  2 worker ant zombies
  A howler monkey skeleton (D:10)
  8 gnolls
  2 river rats (D:10)
  8 adders
  3 shadow imps
  An ooze (D:6)
  An adder zombie (D:7)
  2 adder skeletons
  A dart slug (D:2)
  3 leopard geckos
  47 orcs
  3 giant cockroaches
  2 goblins
  2 hobgoblins (D:1)
  13 kobolds
  4 quokkas
  A ball python (D:1)
  A frilled lizard (D:2)
  2 leopard gecko skeletons
  2 rats
234 creatures vanquished.

Vanquished Creatures (collateral kills)
  An orc priest (D:7)
  An orc (D:4)
  A ball python (D:4)
  A butterfly (D:6)
4 creatures vanquished.

Vanquished Creatures (others)
  A centaur (D:7)
  A bullfrog (D:7)
  A hound (D:7)
  An orc wizard (D:4)
  A gnoll (D:3)
  An orc (D:10)
  A goblin (D:2)
  A quokka skeleton (D:7)
8 creatures vanquished.

Grand Total: 246 creatures vanquished

Notes
Turn   | Place    | Note
-------+----------+-------------------------------------------
     0 | D:1      | M4edhros the Octopode Artificer began the quest for the Orb.
     0 | D:1      | Reached XP level 1. HP: 13/13 MP: 3/3
    28 | D:1      | First item: ring 5 evasion. Need to play careful.
    57 | D:1      | Reached skill level 1 in Unarmed Combat
   115 | D:2      | Noticed an ogre
   125 | D:2      | Reached XP level 2. HP: 9/18 MP: 4/4
   126 | D:2      | Killed an ogre
   126 | D:2      | Reached XP level 3. HP: 12/23 MP: 5/5
   126 | D:2      | Reached XP level 4. HP: 15/28 MP: 6/6
   174 | D:2      | Found a runed door.
   178 | D:2      | Noticed Crazy Yiuf
   233 | D:2      | Killed Crazy Yiuf
   233 | D:2      | Reached XP level 5. HP: 29/33 MP: 7/7
   618 | D:4      | Noticed a phantom
   650 | D:4      | Reached XP level 6. HP: 32/38 MP: 8/8
   727 | D:5      | Entered Level 5 of the Dungeon
   850 | D:5      | Found a hazy altar of Hepliaklqana.
   851 | D:5      | Found a shimmering altar of Xom.
   851 | D:5      | Noticed a tentacled monstrosity
   852 | D:5      | Noticed a tentacled monstrosity
   852 | D:5      | Noticed a spectral ugly thing
   947 | D:6      | Found Kune Veu's Antique Weapon Shoppe.
  1109 | D:6      | Reached skill level 5 in Stealth
  1109 | D:6      | Reached XP level 7. HP: 36/43 MP: 10/10
  1415 | D:7      | Noticed Prince Ribbit
  1462 | D:7      | Reached skill level 5 in Evocations
  1474 | D:7      | Noticed Pikel
  1483 | D:7      | Gained mutation: Your system is resistant to poisons. (rPois) [potion of mutation]
  1483 | D:7      | Gained mutation: You occasionally shout uncontrollably at your foes. [potion of mutation]
  1483 | D:7      | Gained mutation: You are partially covered in slimy green scales. (AC +2) [potion of mutation]
  1483 | D:7      | Gained mutation: You are agile. (Dex +2) [potion of mutation]
  1512 | D:7      | Killed Pikel
  1512 | D:7      | Reached XP level 8. HP: 51/51 MP: 11/11
  1648 | D:7      | Found Acefiliu's Antique Weapon Emporium.
  1669 | D:7      | Reached skill level 5 in Dodging
  1669 | D:7      | Reached XP level 9. HP: 20/57 MP: 12/12
  1785 | D:7      | Found Ferchuq's Magic Scroll Shoppe.
  1814 | D:7      | Found Xoqyz's Antique Weapon Shop.
  2093 | D:6      | Reached skill level 10 in Stealth
  2396 | D:4      | AHAHA TAK!
  2396 | D:4      | amulet of regeneration : ))))) 2441 though.. and still no chei. but ! i have reg : )
  2481 | D:4      | Found a shimmering altar of Xom.
  3045 | D:6      | Found a staircase to the Ecumenical Temple.
  3057 | D:6      | temple... at 3106...
  3058 | Temple   | Entered the Ecumenical Temple
  3087 | Temple   | Became a worshipper of Cheibriados the Contemplative
  3201 | D:8      | Found a staircase to the Lair.
  3293 | D:9      | Reached skill level 5 in Unarmed Combat
  3388 | D:8      | NO KIDDING. another ring, 6 evasion.
  3471 | D:8      | Noticed a two-headed ogre
  3632 | D:9      | Noticed a troll
  3791 | D:10     | Entered Level 10 of the Dungeon
  3893 | D:10     | Reached * piety under Cheibriados
  3960 | D:10     | Reached XP level 10. HP: 57/63 MP: 13/13
  3982 | D:10     | Noticed Ezendos's ghost (journeyman DEFE)
  4019 | D:10     | Killed Ezendos's ghost
  4127 | D:10     | Reached ** piety under Cheibriados
  4183 | D:10     | Reached skill level 10 in Unarmed Combat
  4265 | D:9      | Noticed a two-headed ogre
  4408 | D:11     | Reached skill level 1 in Shields
  4419 | D:11     | Found Hacs's Distillery.
  4424 | D:11     | Bought a potion of might for 56 gold pieces
  4477 | D:11     | Reached skill level 1 in Invocations
  4544 | D:11     | Noticed a manticore
  4588 | D:12     | Noticed a cyclops
  4603 | D:12     | Noticed a purple ugly thing
  4635 | D:12     | Reached *** piety under Cheibriados
  4673 | D:12     | Learned a level 3 spell: Conjure Flame
  4713 | D:11     | Bought a potion of lignification for 42 gold pieces
  4713 | D:11     | Bought a potion of agility for 56 gold pieces
  4713 | D:11     | Bought a potion of lignification for 42 gold pieces
  4713 | D:11     | Bought a potion of curing for 42 gold pieces
  4785 | D:12     | Reached XP level 11. HP: 35/70 MP: 15/15
  4800 | D:12     | Killed a purple ugly thing
  4800 | D:12     | Reached skill level 1 in Spellcasting
  4800 | D:12     | Reached skill level 1 in Conjurations
  4800 | D:12     | Reached skill level 1 in Fire Magic
  4911 | D:12     | Learned a level 4 spell: Sticky Flame
  4924 | D:12     | Reached skill level 5 in Fighting
  4948 | D:12     | Reached **** piety under Cheibriados
  4959 | D:12     | Found a staircase to the Orcish Mines.
  5015 | Orc:1    | Entered Level 1 of the Orcish Mines
  5087 | Orc:1    | Found a roughly hewn altar of Beogh.
  5123 | Orc:1    | Noticed an orc knight
  5128 | Orc:1    | Noticed an orc sorcerer
  5157 | Orc:1    | Noticed an orc knight
  5157 | Orc:1    | Killed an orc knight
  5165 | Orc:1    | Killed an orc knight
  5207 | Orc:1    | Noticed a sixfirhy
  5210 | Orc:1    | Killed an orc sorcerer
  5212 | Orc:1    | Reached ***** piety under Cheibriados
  5228 | Orc:1    | Noticed an orc warlord
  5245 | Orc:1    | Noticed an orc sorcerer
  5261 | Orc:1    | Killed an orc sorcerer
  5263 | Orc:1    | Noticed an orc knight
  5264 | Orc:1    | HP: 2/72 [orc warlord/great mace of venom (34)]
  5266 | Orc:1    | Annihilated by an orc warlord

Vault maps used:
D:1:      dpeg_arrival_court
D:2:      uniq_crazy_yiuf_cottage, uniq_jessica
D:3:      uniq_grinder, uniq_robin
D:4:      xom_teletrap_fun
D:5:      regret_index_temple_of_mockery, first_ration
D:6:      minmay_temple_entry_butterflies, serial_shops, shop
D:7:      serial_shops, kennysheep_mini_moat, kennysheep_little_box, shop, shop,
          uniq_prince_ribbit1, uniq_pikel
D:8:      dpeg_oklobed_lair
D:9:      grunt_temple_overflow_cloverleaf
D:10:     hangedman_fish_farm, st_stairs_10
D:11:     serial_shops, shop, kennysheep_pointless_box
D:12:     erik_orc_4, serial_corexii_hall, corexii_hall_statues_x,
          corexii_hall_statues_t, corexii_hall_statues_l, corexii_hall_statues_i
Temple:   regret_index_temple_sphere_string
Orc:1:    basic_altar, minmay_orc_treasury

Skill      XL: |  1  2  3  4  5  6  7  8  9 10 11 |
---------------+----------------------------------+-----
Unarmed Combat | 2 4 7 10 | 10.4
Stealth        | 3 5 8 9 10 | 10.5
Evocations     | 4 5 |  5.9
Dodging        | 3 4 5 6 |  6.7
Fighting       | 2 3 4 5 |  5.4
Staves         | 2 3 |  3.5
Shields        | 2 3 |  3.4
Invocations    | 2 3 |  3.8
Spellcasting   | 2 |  2.3
Conjurations   | 2 |  2.5
Fire Magic     | 2 |  2.5
Short Blades   | |  1.0

Action                   |  1- 3 |  4- 6 |  7- 9 | 10-12 || total
-------------------------+-------+-------+-------+-------++-------
Melee: Short sword       |    12 |    26 |     5 |       ||    43
       Constrict         |     3 |    24 |    45 |    65 ||   137
       Quarterstaff      |       |    47 |   135 |       ||   182
       Tentacles         |       |     9 |    58 |    96 ||   163
       Punch             |       |     1 |    16 |    43 ||    60
       Unarmed           |       |       |   101 |   277 ||   378
Throw: Javelin           |       |       |       |     1 ||     1
 Cast: Conjure Flame     |       |       |       |     4 ||     4
Invok: Slouch            |       |       |       |     1 ||     1
Evoke: Wand              |     3 |    28 |     8 |    19 ||    58
  Use: Potion            |       |       |     4 |     5 ||     9
       Scroll            |       |       |     6 |     4 ||    10
 Stab: Sleeping          |       |     7 |    12 |     6 ||    25
       Distracted        |       |     1 |     1 |       ||     2
       Confused          |       |     1 |       |       ||     1
  Eat: Chunk             |       |       |     8 |     3 ||    11
       Ration            |       |       |     1 |       ||     1
Armor: Skin              |       |     3 |    30 |    38 ||    71
Dodge: Dodged            |     6 |    60 |   213 |   250 ||   529

Table legend:
 A = Spawn XP
 B = Non-spawn XP
 C = Spawn XP percentage of total XP
 D = Spawn monster count
 E = Non-spawn monster count
 F = Spawn count percentage of total count
 G = Total turns spent on level
                    A         B        C        D         E        F      G
               +---------+---------+-------+---------+---------+-------+---------
         Total |       0 |   14658 |   0.0 |       0 |     235 |   0.0 |  5266
               +---------+---------+-------+---------+---------+-------+---------
           D:1 |       0 |       9 |   0.0 |       0 |       6 |   0.0 |   114
           D:2 |       0 |     167 |   0.0 |       0 |       7 |   0.0 |   207
           D:3 |       0 |      37 |   0.0 |       0 |       7 |   0.0 |   100
           D:4 |       0 |     164 |   0.0 |       0 |      16 |   0.0 |   478
           D:5 |       0 |     392 |   0.0 |       0 |      15 |   0.0 |   843
           D:6 |       0 |     784 |   0.0 |       0 |      24 |   0.0 |   773
           D:7 |       0 |    1620 |   0.0 |       0 |      26 |   0.0 |   615
           D:8 |       0 |     294 |   0.0 |       0 |       4 |   0.0 |   303
           D:9 |       0 |     536 |   0.0 |       0 |      12 |   0.0 |   354
          D:10 |       0 |    3151 |   0.0 |       0 |      37 |   0.0 |   564
          D:11 |       0 |     559 |   0.0 |       0 |       9 |   0.0 |   205
          D:12 |       0 |    3382 |   0.0 |       0 |      44 |   0.0 |   401
         Orc:1 |       0 |    3563 |   0.0 |       0 |      28 |   0.0 |   251
               +---------+---------+-------+---------+---------+-------+---------
